 Dungeon Crawl Stone Soup version 0.31-a0-1025-g2e47921a08 (webtiles) character file.

Game seed: 10478451895467314381

91 night the Vexing (level 4, -3/33 HPs)
             Began as a Demonspawn Hexslinger on Nov 17, 2023.
             Was a Follower of Cheibriados.
             Slain by a gnoll
             ... wielding a +0 heavy spear
              (7 damage)
             ... on level 2 of the Dungeon.
             The game lasted 00:03:42 (1682 turns).

night the Vexing (Demonspawn Hexslinger)            Turns: 1682, Time: 00:03:43

Health: -3/33      AC:  2    Str: 10    XL:     4   Next: 34%
Magic:  6/7        EV: 12    Int: 18    God:    Cheibriados [*.....]
Gold:   128        SH:  0    Dex: 18    Spells: 1/7 levels left

rFire   . . .        a - +1 sling
rCold   . . .        (no shield)
rNeg    . . .        c - +0 robe
rPois   .            (helmet restricted)
rElec   .            (no cloak)
rCorr   .            (no gloves)
SInv    .            (no boots)
Will    .....        (no amulet)
Stlth   ++           i - +4 ring of slaying
HPRegen 0.25/turn    (no ring)
MPRegen 0.10/turn

%: no passive effects
@: weak-willed, very slow
A: antennae 1, demonic magic 1
a: Renounce Religion, Bend Time


You were on level 2 of the Dungeon.
You worshipped Cheibriados.
Cheibriados was aware of your devotion.
You visited 1 branch of the dungeon, and saw 2 of its levels.

You collected 128 gold pieces.

Inventory:

Hand Weapons
 a - a +1 sling (weapon)
Missiles
 e - 12 stones
 h - 6 poisoned darts
Armour
 c - a +0 robe (worn)
Jewellery
 i - a +4 ring of slaying (left hand)
Scrolls
 b - a scroll of poison
 d - 2 scrolls of identify {unknown}
 f - 2 scrolls of enchant weapon {unknown}
 g - a scroll of amnesia {unknown}
Potions
 j - a potion of curing {unknown}


   Skills:
 + Level 2.2 Fighting
 + Level 2.5 Ranged Weapons
 - Level 1.7 Dodging
 + Level 2.0 Spellcasting
 + Level 3.6 Hexes
 - Level 0.8 Fire Magic


You had one spell level left.
You knew the following spells:

 Your Spells              Type           Power      Damage    Failure   Level
a - Jinxbite              Hex            30%        N/A       6%          2
b - Cause Fear            Hex            7%         N/A       36%         4

Your spell library contained the following spells:

 Spells                   Type           Power      Damage    Failure   Level
 Sigil of Binding         Hex            15%        N/A       12%         3
 Inner Flame              Hex/Fire       10%        N/A       22%         3
 Dimensional Bullseye     Hex/Tloc       4%         N/A       63%         4


Dungeon Overview and Level Annotations

Branches:
Dungeon (2/15)

Altars:
Cheibriados


Innate Abilities, Weirdness & Mutations

You have a pair of small antennae on your head.
Spells you cast may paralyse adjacent enemies.


Message History

You shoot a sling bullet.
The sling bullet closely misses the gnoll.
You shoot a sling bullet. The sling bullet hits the gnoll.
The gnoll is lightly wounded.
A giggling sprite leaps out and makes the gnoll trip over its own feet.
The gnoll is moderately wounded.
You hear a shout!
A gnoll comes into view. It is wielding a +0 heavy spear.
You shoot a sling bullet.
The sling bullet barely misses the gnoll.
The sling bullet hits the gnoll.
You kill the gnoll!
Cheibriados appreciates the change of pace.
The jinxing sprites lose interest in you.
The gnoll closely misses you.
You shoot a sling bullet.
The sling bullet hits the gnoll but does no damage.
The gnoll is moderately wounded.
The gnoll seems less drained.
The gnoll misses you. The gnoll closely misses you. x2
You shoot a sling bullet. The sling bullet hits the gnoll.
The gnoll is heavily wounded.
The gnoll closely misses you.
You shoot a sling bullet.
The sling bullet closely misses the gnoll.
The sling bullet hits the gnoll!
The gnoll is severely wounded.
The gnoll hits you from afar with a +0 heavy spear!
The gnoll closely misses you.
You shoot a sling bullet. The sling bullet hits the gnoll.
The gnoll is severely wounded.
The gnoll closely misses you.
The gnoll hits you from afar with a +0 heavy spear!
* * * LOW HITPOINT WARNING * * *
You shoot a sling bullet.
The sling bullet barely misses the gnoll. x2
The gnoll hits you with a +0 flail.
* * * LOW HITPOINT WARNING * * *
The gnoll hits you from afar with a +0 heavy spear!
You die...

. ########....
######...@gg).#
########.....<######.#
#.......<######
#.######## #.#
##.############
#.............###
#..#####........#
#.###..#####.####.#.#


You could see 2 gnolls.

Vanquished Creatures
  A gnoll (D:2)
  3 adders (D:2)
  2 worms (D:2)
  A dart slug (D:1)
  An orc (D:2)
  6 ball pythons
  6 bats
  3 endoplasms (D:1)
  5 giant cockroaches
  3 goblins
  4 jackals (D:2)
  3 kobolds (D:2)
  3 quokkas (D:2)
  A frilled lizard (D:1)
  2 rats
  A spectral kobold (D:2)
45 creatures vanquished.

Notes
Turn   | Place    | Note
-------+----------+-------------------------------------------
     0 | D:1      | night the Demonspawn Hexslinger began the quest for the
                  | Orb.
     0 | D:1      | Reached XP level 1. HP: 15/15 MP: 2/2
   148 | D:1      | Reached skill level 2 in Ranged Weapons
   148 | D:1      | Discovered your monstrous ancestry.
   148 | D:1      | Gained mutation: You have a pair of small antennae on your
                  | head. [demonic ancestry]
   148 | D:1      | Reached XP level 2. HP: 21/21 MP: 3/3
   161 | D:1      | Learned a level 2 spell: Jinxbite
  1057 | D:2      | Reached XP level 3. HP: 27/27 MP: 2/5
  1072 | D:2      | HP: 4/27 [poisoned by an adder]
  1309 | D:2      | Reached skill level 2 in Fighting
  1354 | D:2      | Found a faded altar of an unknown god.
  1363 | D:2      | Prayed at the altar of an unknown god.
  1363 | D:2      | Became a worshipper of Cheibriados the Contemplative
  1363 | D:2      | Reached * piety under Cheibriados
  1417 | D:2      | Gained mutation: Spells you cast may paralyse adjacent
                  | enemies. [demonic ancestry]
  1417 | D:2      | Reached XP level 4. HP: 33/33 MP: 3/6
  1458 | D:2      | Learned a level 4 spell: Cause Fear
  1625 | D:2      | Reached skill level 2 in Spellcasting
  1682 | D:2      | HP: 4/33 [gnoll/+0 flail (5)]
  1682 | D:2      | Slain by a gnoll

Illustrated notes

Levels and vault maps discovered:
D:1:      dpeg_arrival_windows_large_door, layout_loops_corners
D:2:      layout_loops_ring, dreamdust_ecumenical_altar_drowned_temple

Skill      XL: |  1  2  3  4 |
---------------+-------------+-----
Ranged Weapons | 2 |  2.5
Fighting       | 2 |  2.2
Spellcasting   | 2 |  2.0
Dodging        | |  1.7
Hexes          | |  3.6
Fire Magic     | |  0.8

Action                     |  1- 3 |  4- 6 || total
---------------------------+-------+-------++-------
   Fire: Sling             |    85 |    15 ||   100
   Cast: Jinxbite          |    18 |     5 ||    23
 Armour: Robe              |    31 |     5 ||    36
  Dodge: Dodged            |    32 |     8 ||    40

Table legend: (Time is in decaauts)
 A = Elapsed time spent in this place.
 B = Non-inter-level travel time spent in this place.
 C = Inter-level travel time spent in this place.
 D = Time resting spent in this place.
 E = Time spent auto-exploring this place.
 F = Levels seen in this place.
 G = Mean time per level.
                   A        B        C        D        E       F      G
               +--------+--------+--------+--------+--------+-----+--------+
         Total |   1782 |   1773 |      9 |     99 |   1437 |   2 |  891.0 |
       Dungeon |   1782 |   1773 |      9 |     99 |   1437 |   2 |  891.0 |
               +--------+--------+--------+--------+--------+-----+--------+

Top non-repeatable levels by time:
     D:1: 1013 daAuts
     D:2: 768 daAuts
